 Dungeon Crawl Stone Soup version 0.29.1-2-gbd0b4ee654 (webtiles) character file.

Game seed: 17093870201991369730

2093 Gabide the Covered (level 9, -1/69 HPs)
             Began as a Human Monk on Nov 16, 2022.
             Was a Believer of Fedhas.
             Killed by divine providence
             ... invoked by an orc priest
              (15 damage)
             ... on level 7 of the Dungeon.
             The game lasted 00:17:03 (10724 turns).

Gabide the Covered (Human Monk)                    Turns: 10724, Time: 00:17:04

Health: -1/69      AC: 10    Str: 12    XL:     9   Next: 52%
Magic:  13/13      EV: 13    Int: 11    God:    Fedhas [**....]
Gold:   167        SH: 11    Dex: 19    Spells: 8/8 levels left

rFire   . . .      SeeInvis .   a - +0 spear
rCold   . . .      Faith    .   p - +0 buckler
rNeg    . . .      Spirit   .   C - +0 acid dragon scales
rPois   .          Reflect  +   z - +0 helmet
rElec   .          Harm     .   n - scarf {shadows}
rCorr   +          Rampage  .   k - +0 pair of gloves
Will    .....                   (no boots)
Stlth   ++........              d - amulet of reflection
HPRegen 0.21/turn               (no ring)
MPRegen 0.13/turn               (no ring)

@: no status effects
A: no striking features
a: Renounce Religion, Wall of Briars


You were on level 7 of the Dungeon.
You worshipped Fedhas.
Fedhas was pleased with you.
You visited 2 branches of the dungeon, and saw 8 of its levels.

You collected 305 gold pieces.
You spent 138 gold pieces at shops.

Inventory:

Hand Weapons
 a - a +0 spear (weapon)
 b - a +0 sling
 q - a +0 glaive of flaming
Missiles
 y - 6 datura-tipped darts (quivered)
Armour
 k - a +0 pair of gloves (worn)
 n - a scarf of shadows (worn)
 p - a +0 buckler (worn)
 z - a +0 helmet (worn)
 C - +0 acid dragon scales (worn)
Jewellery
 d - an amulet of reflection (around neck)
Scrolls
 c - a scroll of poison {unknown}
 f - a scroll of fear {unknown}
 i - 2 scrolls of amnesia {unknown}
 j - 2 scrolls of blinking {unknown}
 l - a scroll of magic mapping {unknown}
 m - a scroll of summoning {unknown}
 o - a scroll of enchant armour {unknown}
 t - a scroll of vulnerability
 w - a scroll of brand weapon {unknown}
 x - a scroll of immolation {unknown}
Potions
 e - a potion of haste
 g - 3 potions of resistance
 h - a potion of curing
 r - a potion of invisibility
 u - a potion of might
 v - a potion of attraction
 A - a potion of brilliance
 B - 2 potions of cancellation
 D - a potion of heal wounds
 E - a potion of mutation


   Skills:
 - Level 6.0 Fighting
 - Level 6.0 Polearms
 - Level 6.0 Armour
 - Level 4.0 Dodging
 - Level 2.0 Stealth
 - Level 4.0 Shields
 + Level 5.3 Invocations


You had 8 spell levels left.
You didn't know any spells.
Your spell library contained the following spells:

 Spells                   Type           Power      Damage    Failure   Level
 Sandblast                Erth           0%         2d4       54%         1
 Passwall                 Tmut/Erth      0%         N/A       69%         2
 Sublimation of Blood     Necr           0%         N/A       69%         2
 Wereblood                Tmut           0%         N/A       69%         2
 Call Canine Familiar     Summ           0%         N/A       89%         3
 Confusing Touch          Hex            0%         N/A       89%         3
 Frozen Ramparts          Ice            0%         1d1       89%         3
 Gell's Gravitas          Tloc           0%         N/A       89%         3
 Ignite Poison            Fire/Tmut/Pois 0%         N/A       89%         3
 Mephitic Cloud           Conj/Pois/Air  0%         N/A       89%         3
 Portal Projectile        Hex/Tloc       0%         N/A       89%         3
 Stone Arrow              Conj/Erth      0%         3d7       89%         3
 Teleport Other           Tloc           0%         N/A       89%         3
 Ice Form                 Ice/Tmut       0%         N/A       100%        4
 Leda's Liquefaction      Hex/Erth       0%         N/A       100%        4
 Summon Ice Beast         Ice/Summ       0%         N/A       100%        4
 Freezing Cloud           Conj/Ice/Air   0%         6-21      100%        5
 Yara's Violent Unravell  Hex/Tmut       0%         3d3       100%        5
 Dispersal                Tloc           0%         N/A       100%        6
 Enfeeble                 Hex            0%         N/A       100%        7
 Summon Hydra             Summ           0%         N/A       100%        7


Dungeon Overview and Level Annotations

Branches:
Dungeon (7/15)             Temple (1/1) D:6

Altars:
Ashenzari
Cheibriados
Dithmenos
Elyvilon
Fedhas
Gozag
Hepliaklqana
Kikubaaqudgha
Makhleb
Nemelex Xobeh
Qazlal
Ru
Sif Muna
Uskayaw
Vehumet
Wu Jian
Xom
Yredelemnul
Zin

Shops:
D:1 (*([   D:5 *

Annotations:
D:3 3 runed translucent doors, Rosiu1125's ghost, amateur TrFi


Message History

You are too injured to fight recklessly!
You are too injured to fight recklessly!
The orc priest attacks as you move away!
The orc priest closely misses you. The bullfrog attacks as you move away!
You block the bullfrog's attack.
The bullfrog swells and bulges.
The bullfrog barely misses you.
You hit the bullfrog.
The bullfrog is lightly wounded.
The orc priest looks braver for a moment.
The bullfrog misses you.
You hit the bullfrog.
The bullfrog is lightly wounded.
You block the bullfrog's attack.
You barely miss the bullfrog.
The bullfrog is lightly wounded.
The bullfrog hits you. The bullfrog closely misses you.
You hit the bullfrog but do no damage.
The bullfrog is lightly wounded.
You block the bullfrog's attack.
The orc priest calls down the wrath of Beogh upon you.
Beogh smites you!
* * * LOW HITPOINT WARNING * * *
You hit the bullfrog.
The bullfrog is moderately wounded.
The bullfrog hits you but does no damage.
You closely miss the bullfrog.
The bullfrog is moderately wounded.
The bullfrog hits you.
* * * LOW HITPOINT WARNING * * *
The bullfrog hits you but does no damage.
You miss the bullfrog.
The bullfrog is moderately wounded.
The bullfrog closely misses you.
You hit the bullfrog.
The bullfrog is heavily wounded.
The orc priest calls down the wrath of Beogh upon you.
Beogh smites you!
You die...
Fedhas appreciates your contribution to the ecosystem.

.....#.# #.#
.....#.### #.#
.....#...# #.#
..##.###.#######.#
####.###.........#
# #........)....#
#############.#
#.# #@# #F#
#...o5# ...###h# .
... .## .. ##


You could see a bullfrog, a hound, an orc priest and a white imp.

Vanquished Creatures
  A troll (D:5)
  A water moccasin (D:5)
  A black bear (D:5)
  2 sky beasts (D:7)
  A tengu (D:7)
  2 ogres (D:5)
  2 centaurs
  3 bullfrogs (D:7)
  4 scorpions
  A necrophage (D:6)
  4 hounds
  An orc priest (D:5)
  5 iguanas
  4 orc wizards
  A howler monkey zombie (D:4)
  8 adders
  3 gnolls (D:5)
  A shadow imp (D:5)
  A white imp (D:5)
  An adder zombie (D:4)
  2 worms
  2 dart slugs
  15 orcs
  10 endoplasms
  5 giant cockroaches
  6 hobgoblins
  3 jackals (D:2)
  9 quokkas
  8 ball pythons
  10 bats
  6 frilled lizards
  5 goblins
  4 kobolds
  7 rats
139 creatures vanquished.

Vanquished Creatures (others)
  An orc (D:7)
  34 plants (D:5)
35 creatures vanquished.

Grand Total: 174 creatures vanquished

Notes
Turn   | Place    | Note
-------+----------+-------------------------------------------
     0 | D:1      | Gabide the Human Monk began the quest for the Orb.
     0 | D:1      | Reached XP level 1. HP: 18/18 MP: 1/1
   259 | D:1      | Reached XP level 2. HP: 24/24 MP: 2/2
   314 | D:1      | Found Luckiwei's Weapon Shop.
   522 | D:1      | Reached XP level 3. HP: 22/29 MP: 3/3
   704 | D:1      | Found Daihulyo's Weapon Boutique.
   718 | D:1      | Found Odghugg's Antique Armour Boutique.
   812 | D:1      | Found Rannistru's Assorted Antiques.
   823 | D:1      | Bought a scroll labelled KIAQARPH RIRI for 22 gold pieces
   823 | D:1      | Bought a scroll labelled JESTEW KUEL for 22 gold pieces
  1168 | D:2      | Reached XP level 4. HP: 13/36 MP: 4/4
  2663 | D:3      | Reached XP level 5. HP: 14/42 MP: 1/5
  2967 | D:3      | You fall into a shaft and drop 2 floors!
  2967 | D:5      | Entered Level 5 of the Dungeon
  2986 | D:5      | Reached skill level 1 in Armour
  3191 | D:5      | Noticed an ogre
  3204 | D:5      | Killed an ogre
  3205 | D:5      | Reached XP level 6. HP: 48/48 MP: 6/6
  4173 | D:4      | Found a basalt altar of Yredelemnul.
  4448 | D:4      | Reached XP level 7. HP: 44/54 MP: 4/7
  4971 | D:3      | Found a runed translucent gate.
  4972 | D:3      | Found a runed translucent gate.
  4973 | D:3      | Found a runed translucent gate.
  4978 | D:3      | Noticed Rosiu1125's ghost (amateur TrFi)
  5060 | D:3      | Found a shimmering altar of Xom.
  5359 | D:5      | Noticed a troll
  5386 | D:5      | Killed a troll
  5546 | D:5      | Reached skill level 5 in Fighting
  5546 | D:5      | Reached skill level 5 in Polearms
  5546 | D:5      | Reached skill level 5 in Armour
  5546 | D:5      | Reached XP level 8. HP: 22/62 MP: 3/8
  6000 | D:5      | HP: 4/93 [poisoned by a water moccasin]
  6001 | D:5      | HP: 1/93 [water moccasin (3)]
  6257 | D:5      | Found Iquaw's Fire Supplies.
  7077 | D:1      | Bought a buckler for 94 gold pieces
  7232 | D:5      | Found a broken altar of Ashenzari.
  7737 | D:6      | Reached skill level 1 in Shields
  7856 | D:6      | Found a staircase to the Ecumenical Temple.
  7864 | Temple   | Entered the Ecumenical Temple
  7872 | Temple   | Became a worshipper of Fedhas Madash
  7872 | Temple   | Reached * piety under Fedhas
  7872 | Temple   | Reached ** piety under Fedhas
  8133 | D:6      | Identified the +4 scale mail of Conscience {+Inv rN+ Int+3
                  | Slay-5}
  8158 | D:6      | Found an ancient bone altar of Kikubaaqudgha.
  8158 | D:6      | Found an ornate altar of the Wu Jian Council.
  8811 | D:6      | Found a shadowy altar of Dithmenos.
  8860 | D:6      | Reached XP level 9. HP: 36/69 MP: 9/9
  9509 | D:7      | Noticed a hornet
  9513 | D:7      | a hornet changed into an acid dragon
  9553 | D:7      | Reached skill level 1 in Invocations
 10137 | D:7      | Noticed Maggie
 10142 | D:7      | Noticed Maggie
 10142 | D:7      | Maggie changed into Maggie the scorpion
 10158 | D:7      | Killed Maggie the scorpion
 10628 | D:7      | Reached skill level 5 in Invocations
 10724 | D:7      | Killed from afar by an orc priest

Illustrated notes

Levels and vault maps discovered:
D:1:      spicycebolla_arrival_ecumenical, layout_rooms, serial_shops,
          nicolae_shop_bloodbath_and_beyond, nicolae_shop_overgrown_old_shop,
          shop, shop, hex_intersection, minmay_misc_feat_roman
D:2:      layout_basic
D:3:      layout_basic, lemuel_coloured_pillars_altar,
          gammafunk_ghost_necromancy
D:4:      layout_cave_pods, lemuel_zombie_altar_yredelemnul,
          hangedman_decor_growths
D:5:      layout_loops_ring, cheibrodos_ashenzari_chains, serial_bayou,
          serial_bayou_pond_c, serial_bayou_shore_b, serial_bayou_lake_a,
          serial_bayou_pond_b, serial_bayou_lagoon_b, nicolae_shop_fire_sale
          [nicolae_sub_dead_trees]
D:6:      layout_basic, gammafunk_temple_overflow_statue,
          nicolae_dithmenos_shadow_blocks, minmay_temple_entry_gardened_gates
D:7:      layout_basic, minmay_checkerbox, uniq_maggie
Temple:   compressed_dpeg_triangle_lava_temple

Skill      XL: |  1  2  3  4  5  6  7  8  9 |
---------------+----------------------------+-----
Fighting       | 4 5 6 |  6.0
Armour         | 3 4 5 6 |  6.0
Polearms       | 4 5 6 |  6.0
Dodging        | 4 |  4.0
Shields        | 2 4 |  4.0
Invocations    | 5 |  5.3
Stealth        | |  2.0

Action                   |  1- 3 |  4- 6 |  7- 9 || total
-------------------------+-------+-------+-------++-------
Melee: Spear             |   157 |   201 |   520 ||   878
       Punch             |     1 |     2 |     6 ||     9
 Fire: Sling             |       |    44 |    53 ||    97
Throw: Stone             |     6 |     1 |       ||     7
       Throwing net      |       |       |     1 ||     1
       Dart              |       |       |     1 ||     1
Evoke: Wand              |       |     1 |    17 ||    18
  Use: Potion            |     1 |       |     8 ||     9
       Scroll            |       |     1 |    10 ||    11
 Stab: Sleeping          |     6 |     6 |     2 ||    14
       Paralysed         |       |    10 |    18 ||    28
       Invisible         |       |       |     3 ||     3
Armor: Robe              |    19 |     4 |       ||    23
       Ring mail         |       |    32 |   141 ||   173
       Skin              |       |       |    28 ||    28
       Acid dragon scale |       |       |    29 ||    29
Dodge: Dodged            |    86 |   105 |   179 ||   370
Block: Buckler           |       |       |   122 ||   122
       Reflection        |       |       |     5 ||     5
